 Dungeon Crawl Stone Soup version 0.23.2-1-ga50397a6bc (webtiles) character file.

Game seed: 12194728860928622212

44 Morbidden the Ruffian (level 3, 0/28 HPs)
             Began as a Draconian Transmuter on Apr 26, 2019.
             Succumbed to an adder's poison
             ... on level 2 of the Dungeon.
             The game lasted 00:02:08 (1068 turns).

Morbidden the Ruffian (Draconian Transmuter)        Turns: 1068, Time: 00:02:10

Health: 0/28       AC:  5    Str: 12    XL:     3   Next: 41%
Magic:  5/6        EV: 12    Int: 14    God:
Gold:   36         SH:  0    Dex: 11    Spells: 5/6 levels left

rFire    . . .     SeeInvis .     - Unarmed
rCold    . . .     Gourm    .   (no shield)
rNeg     . . .     Faith    .   (armour unavailable)
rPois    .         Spirit   .   (helmet restricted)
rElec    .         Reflect  .   (no cloak)
rCorr    .         Harm     .   (no gloves)
MR       .....     Rnd*Tele +   (boots currently unavailable)
Stlth    +.........             (no amulet)
HPRegen  0.09/turn              e - ring of teleportation (curse)
MPRegen  0.10/turn              (no ring)

@: lethally poisoned (0 -> -4), appendage (expiring)
A: unfitting armour, talons 3, cold-blooded, AC +5
a: End Transformation


You were on level 2 of the Dungeon.
You were hungry.
You had grown temporary talons.
You visited 1 branch of the dungeon, and saw 2 of its levels.

You collected 36 gold pieces.

Inventory:

Missiles
 a - 12 arrows
Jewellery
 e - a cursed ring of teleportation (left hand)
Scrolls
 b - a scroll of noise {unknown}
 d - 2 scrolls of enchant armour {unknown}
 f - 2 scrolls of remove curse {unknown}
 h - a scroll of teleportation {unknown}
 i - 2 scrolls of fear {unknown}
Comestibles
 c - 5 rations


   Skills:
 * Level 1.5 Fighting
 + Level 2.1 Dodging
 * Level 3.9 Unarmed Combat
 + Level 2.0 Spellcasting
 * Level 2.2 Transmutations


You had 5 spell levels left.
You knew the following spells:

 Your Spells              Type           Power        Failure   Level  Hunger
a - Beastly Appendage     Tmut           #.....       10%         1    ##.....

Your spell library contained the following spells:

 Spells                   Type           Power        Failure   Level  Hunger
 Sticks to Snakes         Tmut           #.......     14%         2    ###....
 Spider Form              Tmut/Pois      #.........   41%         3    ####...
 Ice Form                 Ice/Tmut       #.......     83%         4    #####..
 Blade Hands              Tmut           #.........   95%         5    ######.


Dungeon Overview and Level Annotations

Branches:
Dungeon (2/15)

Altars:


Innate Abilities, Weirdness & Mutations

Your plain brown scales are hard. (AC +5)
You cannot fit into any form of body armour.
You are cold-blooded and may be slowed by cold attacks.
You have claws for feet.


Message History

The hobgoblin closely misses you.
Unknown command.
You hit the adder.
You kill the adder!
The hobgoblin completely misses you.
You closely miss the goblin.
* * * LOW HITPOINT WARNING * * *
You feel sick. The goblin closely misses you. The hobgoblin closely misses you.
You barely miss the goblin. Your kick misses the goblin.
You tail-slap the goblin.
The goblin is heavily wounded.
The goblin closely misses you.
Unknown command.
You hit the goblin.
You kill the goblin!
The hobgoblin hits you.
* * * LOW HITPOINT WARNING * * *
Unknown command.
Unknown command.
You die...

.... .......
#... #....#
#...##..).##.##
#.............
#.#.#)gg.#.##.#
#(#.## #.g##
#.g.###.#
#...@..#
#.......#
#...?...#
##......#
#....#...
#.........
###........
#####.###


You could see 2 hobgoblins.

Vanquished Creatures
  An adder (D:2)
  A dart slug (D:1)
  A leopard gecko (D:1)
  2 giant cockroaches
  2 goblins
  5 hobgoblins
  4 jackals (D:1)
  A ball python (D:1)
  4 bats (D:1)
  2 frilled lizards (D:1)
  7 kobolds
  3 rats (D:1)
33 creatures vanquished.

Notes
Turn   | Place    | Note
-------+----------+-------------------------------------------
     0 | D:1      | Morbidden the Draconian Transmuter began the quest for the
                  | Orb.
     0 | D:1      | Reached XP level 1. HP: 16/16 MP: 3/3
   306 | D:1      | Reached XP level 2. HP: 11/23 MP: 5/5
   849 | D:1      | Reached XP level 3. HP: 28/28 MP: 6/6
  1067 | D:2      | HP: 1/28 [hobgoblin (2)]
  1068 | D:2      | Succumbed to an adder's poison

Skill      XL: |  1  2 |
---------------+-------+-----
Dodging        | 2 |  2.1
Fighting       | |  1.5
Unarmed Combat | |  3.9
Spellcasting   | |  2.0
Transmutations | |  2.2

Action                   || total
-------------------------++-------
Melee: Unarmed           ||   112
       Tailslap          ||    10
       Punch             ||     1
       Headbutt          ||     1
 Cast: Beastly Appendage ||     3
  Use: Potion            ||     1
 Stab: Sleeping          ||     2
Armor: Skin              ||    40
Dodge: Dodged            ||    78
